 Dungeon Crawl Stone Soup version 0.30.1-11-g7821555f0a (webtiles) character file.

Game seed: 256548028918823091

382 jagang the Trooper (level 6, 0/51 HPs)
             Began as a Barachi Monk on Dec 4, 2023.
             Was a Believer of Okawaru.
             Slain by an ogre
             ... wielding a +0 giant spiked club
              (23 damage)
             ... on level 4 of the Dungeon.
             The game lasted 00:09:47 (2972 turns).

jagang the Trooper (Barachi Monk)                   Turns: 2972, Time: 00:09:48

Health: 0/51       AC: 11    Str: 12    XL:     6   Next: 76%
Magic:  6/6        EV:  8    Int: 10    God:    Okawaru [**....]
Gold:   215        SH:  0    Dex: 23    Spells: 5/5 levels left

rFire   . . .        a - +0 falchion
rCold   . . .        d - orb {light}
rNeg    . . .        t - +0 chain mail
rPois   .            (no helmet)
rElec   .            e - +0 cloak
rCorr   .            (no gloves)
SInv    .            (no boots)
Will    .....        (no amulet) Stlth
                     v - +6 ring of dexterity
HPRegen 0.28/turn    (no ring)
MPRegen 0.10/turn

%: no passive effects
@: unable to hop, glowing, slow
A: amphibious, slowness 1, strong legs 1, +LOS
a: Hop, Renounce Religion, Heroism


You were on level 4 of the Dungeon.
You worshipped Okawaru.
Okawaru was pleased with you.
You visited 1 branch of the dungeon, and saw 4 of its levels.

You collected 215 gold pieces.

Inventory:

Hand Weapons
 a - a +0 falchion (weapon)
Missiles
 j - 5 poisoned darts (quivered)
 k - 2 boomerangs
Armour
 d - an orb of light (worn)
 e - a +0 cloak (worn)
 t - a +0 chain mail (worn)
Jewellery
 v - a +6 ring of dexterity (left hand)
Wands
 s - a wand of roots (3)
Scrolls
 b - 4 scrolls of noise {unknown}
 i - a scroll of magic mapping {unknown}
 l - 2 scrolls of teleportation {unknown}
 m - 2 scrolls of identify {unknown}
 p - 2 scrolls of poison {unknown}
 q - a scroll of fog {unknown}
Potions
 c - 2 potions of ambrosia
 f - 2 potions of cancellation {unknown}
 g - 2 potions of heal wounds {unknown}
 h - 2 potions of resistance {unknown}
 n - a potion of might {unknown}
 o - 2 potions of flight {unknown}
 r - 2 potions of attraction {unknown}
 u - a potion of brilliance {unknown}
 w - 2 potions of haste {unknown}


   Skills:
 + Level 5.3 Fighting
 - Level 3.6 Long Blades
 + Level 2.7 Throwing
 * Level 5.2 Armour
 - Level 4.0 Dodging


You had 5 spell levels left.
You didn't know any spells.
Your spell library contained the following spells:

 Spells                   Type           Power      Damage    Failure   Level
 Ensorcelled Hibernation  Hex/Ice        0%         N/A       100%        2
 Passwall                 Tmut/Erth      0%         N/A       100%        2
 Swiftness                Air            0%         N/A       100%        3
 Conjure Ball Lightning   Conj/Air       0%         3x3d6     100%        6
 Discord                  Hex            0%         N/A       100%        8
 Disjunction              Tloc           0%         N/A       100%        8


Dungeon Overview and Level Annotations

Branches:
Dungeon (4/15)
 Temple: D:4-7

Altars:
Ashenzari
Cheibriados
Makhleb
Nemelex Xobeh
Okawaru
Wu Jian
Xom
Zin


Innate Abilities, Weirdness & Mutations

You are amphibious.
You cover ground slowly.
You can hop short distances.
You have an extended range of vision and can be seen from far away.


Message History

Sigmund hits you but does no damage.
You hit Sigmund.
Sigmund is almost dead.
You hit Sigmund.
You kill Sigmund!
Okawaru is honoured by your kill.
Your Fighting skill increases to level 5!
Your Armour skill increases to level 5!
You have reached level 6!
Things that are here:
a +0 scythe; a +0 robe
There is a stone staircase leading down here.
You climb downwards.
The ogre shouts!
Found a throwing net.
There is a stone staircase leading up here.
You hit the ogre.
The ogre is lightly wounded.
The ogre hits you with a +0 giant spiked club!
You hit the ogre.
The ogre is moderately wounded.
The ogre hits you with a +0 giant spiked club!
You are too injured to fight recklessly!
Hop to where?
Press: ? - help, Dir - move target
Found a scroll labelled YGIKHE GEIRONOU.
Boing!
Throw: 6 darts (poison)
Press: ? - help, Q - select action, (/) - cycle Shift-Dir - straight line, f - ogre
Aim: an ogre, wielding a +0 giant spiked club (moderately wounded, haloed, 94% to hit)
You throw a poisoned dart. The poisoned dart hits the ogre.
The ogre is poisoned.
The ogre is moderately wounded.
You barely miss the ogre.
The ogre is moderately wounded.
The ogre hits you but does no damage.
You barely miss the ogre.
The ogre is moderately wounded.
The ogre hits you with a +0 giant spiked club!!
You die...

###########
#....@...(##
...?...#.O....#
...... #..(.<.#
.#.## ##....##
# ######


You could see an ogre (poisoned).

Vanquished Creatures
  Sigmund (D:3)
  The ghost of Shaksi the Sneak, a weakling HuBr (D:3)
  An orc priest (D:3)
  Ijyb (D:3)
  4 adders
  2 worms
  3 dart slugs
  3 orcs (D:3)
  8 endoplasms
  2 giant cockroaches
  4 hobgoblins
  6 jackals
  5 kobolds
  3 quokkas
  3 ball pythons
  5 bats
  A frilled lizard (D:2)
  7 goblins
  11 rats
71 creatures vanquished.

Notes
Turn   | Place    | Note
-------+----------+-------------------------------------------
     0 | D:1      | jagang the Barachi Monk began the quest for the Orb.
     0 | D:1      | Reached XP level 1. HP: 18/18 MP: 1/1
    38 | D:1      | Reached skill level 1 in Armour
    39 | D:1      | Reached XP level 2. HP: 21/25 MP: 2/2
   775 | D:2      | Found a faded altar of an unknown god.
   786 | D:2      | Reached XP level 3. HP: 30/30 MP: 3/3
  1060 | D:2      | Found a sparkling altar of Nemelex Xobeh.
  1068 | D:2      | Reached skill level 1 in Throwing
  1068 | D:2      | Reached XP level 4. HP: 36/37 MP: 4/4
  1516 | D:3      | Found a shimmering altar of Xom.
  1535 | D:3      | HP: 1/37 [orc priest/nerve-wracking pain (14)]
  1711 | D:3      | Found a runed translucent door.
  1712 | D:3      | Noticed Shaksi's ghost (weakling HuBr)
  1736 | D:3      | Killed Shaksi's ghost
  1737 | D:3      | Reached XP level 5. HP: 38/43 MP: 5/5
  1916 | D:3      | Found a snail-covered altar of Cheibriados.
  1916 | D:3      | Noticed Ijyb
  1940 | D:3      | Killed Ijyb
  1949 | D:3      | Noticed Sigmund
  2346 | D:3      | Found an iron altar of Okawaru.
  2346 | D:3      | Found a broken altar of Ashenzari.
  2352 | D:3      | Found a burning altar of Makhleb.
  2355 | D:3      | Found a glowing silver altar of Zin.
  2356 | D:3      | Found an ornate altar of the Wu Jian Council.
  2367 | D:3      | Became a worshipper of Warmaster Okawaru
  2367 | D:3      | Reached * piety under Okawaru
  2367 | D:3      | Reached ** piety under Okawaru
  2941 | D:3      | Killed Sigmund
  2942 | D:3      | Reached skill level 5 in Fighting
  2942 | D:3      | Reached skill level 5 in Armour
  2942 | D:3      | Reached XP level 6. HP: 38/51 MP: 6/6
  2972 | D:4      | Slain by an ogre

Illustrated notes

Levels and vault maps discovered:
D:1:      minmay_arrival_stone_box, layout_basic, minmay_pentomino_q4
D:2:      layout_loops_ring, basic_altar, hellmonk_ecumenical_altar_zigzags,
          minmay_split_cup_large
D:3:      layout_loops_ring, nicolae_overflow_hallway_of_the_gods,
          mainiacjoe_overflow_six_doors_small, gammafunk_ghost_grave,
          st_stairs_13, uniq_ijyb, uniq_sigmund
D:4:      layout_gridville, nicolae_dithmenos_through_a_glass_darkly,
          nicolae_gozag_zags_fifth_avenue, nicolae_ru_sacrificial_ziggurat,
          temple_pool_b

Skill      XL: |  1  2  3  4  5 |
---------------+----------------+-----
Armour         | 1 2 3 5 |  5.2
Fighting       | 4 5 |  5.3
Throwing       | 1 2 |  2.7
Dodging        | 4 |  4.0
Long Blades    | |  3.6

Action                     |  1- 3 |  4- 6 || total
---------------------------+-------+-------++-------
  Melee: Falchion          |    71 |   141 ||   212
  Throw: Boomerang         |       |     2 ||     2
         Dart              |       |     2 ||     2
Ability: Hop               |       |     1 ||     1
 Armour: Robe              |     7 |       ||     7
         Ring mail         |    28 |     4 ||    32
         Scale mail        |       |     4 ||     4
         Chain mail        |       |    45 ||    45
  Dodge: Dodged            |    44 |    54 ||    98
